 Dungeon Crawl Stone Soup version bcrawl-1.26.1 (webtiles) character file.

Game seed: 4027345569457746962

318370 Freyura the Covert (level 11, -5/83 HPs)
             Began as a Vampire Gladiator on July 12, 2020.
             Was a Priest of Dithmenos.
             Slain by a wolf spider simulacrum (13 damage)
             ... on level 9 of the Dungeon.
             The game lasted 00:38:55 (10674 turns).

Freyura the Covert (Vampire Gladiator)             Turns: 10674, Time: 00:38:55

Health: -5/83      AC:  9    Str: 17    XL:     11   Next: 11%
Magic:  15/15      EV: 20    Int:  9    God:    Dithmenos [***...]
Gold:   436        SH:  0    Dex: 18    Spells: 10/10 levels left

rFire    . . .     SeeInvis +   a - +3 rapier
rCold    + + .     Gourm    .   (no shield)
rNeg     + + .     Faith    .   C - +1 robe
rPois    ∞         Spirit   .   z - +2 helmet
rElec    +         Reflect  .   r - +0 cloak {rPois}
rCorr    .         Harm     .   e - +0 pair of gloves
MR       +....                  (no boots)
Stlth    ++++++++++             (no amulet)
HPRegen  0.11/turn              v - ring of insulation
MPRegen  0.14/turn              m - ring of protection from cold

@: bloodless, regenerating slowly, wreathed by umbra
A: claws 1, fangs 3, repulsion field 1, see invisible, shaggy fur 1, unbreathing
a: Shadow Step, Renounce Religion


You were on level 9 of the Dungeon.
You worshipped Dithmenos.
Dithmenos was most pleased with you.
You were bloodless.

You visited 2 branches of the dungeon, and saw 11 of its levels.

You collected 661 gold pieces.
You spent 225 gold pieces at shops.

Inventory:

Hand Weapons
 a - a +3 rapier (weapon)
Missiles
 d - 4 throwing nets {=f}
Armour
 e - a +0 pair of gloves (worn)
 n - a +2 helmet
 r - a +0 cloak of poison resistance (worn)
 y - a +0 robe
 z - a +2 helmet (worn)
 C - a +1 robe (worn)
Jewellery
 m - a ring of protection from cold (right hand)
 v - a ring of insulation (left hand)
 w - a +3 ring of intelligence
 E - an uncursed ring of protection from magic
Wands
 b - a wand of iceblast (13)
 h - a wand of polymorph (5)
 B - a wand of acid (13)
Scrolls
 g - 8 scrolls of remove curse
 i - 2 scrolls of identify
 j - a scroll of magic mapping
 t - 2 scrolls of teleportation
 u - a scroll of amnesia
 D - a scroll of enchant weapon
Potions
 c - 2 potions of mutation
 f - 2 potions of haste
 k - a potion of flight
 l - a potion of cancellation
 o - a potion of brilliance {unknown}
 p - a potion of curing
 q - 19 potions of blood
 s - a potion of invisibility {unknown}
 x - a potion of resistance
 A - a potion of magic


   Skills:
 + Level 6.8 Fighting
 + Level 9.4 Short Blades
 - Level 1.5 Throwing
 + Level 8.5 Dodging
 * Level 14.9 Stealth
 + Level 5.7 Invocations


You had 10 spell levels left.
You didn't know any spells.
Your spell library contained the following spells:

 Spells                   Type           Power        Failure   Level  Hunger
 Sting                    Conj/Pois      #...         38%         1    ##.....
 Poisonous Vapours        Pois/Air       #.....       52%         2    ###....
 Ignite Poison            Fire/Tmut/Pois #.......     77%         3    ####...
 Olgreb's Toxic Radiance  Pois           #........    99%         4    #####..
 Summon Scorpions         Summ/Pois      #.......     99%         4    #####..
 Venom Bolt               Conj/Pois      #.........   100%        5    ######.


Dungeon Overview and Level Annotations

Branches:
Dungeon (10/12)            Temple (1/1) D:4            Lair (0/6) D:9
    Orc (0/1) D:8

Altars:
Ashenzari
Cheibriados
Dithmenos
Elyvilon
Fedhas
Gozag
Hepliaklqana
Kikubaaqudgha
Lugonu
Makhleb
Nemelex Xobeh
Okawaru
Qazlal
Ru
Sif Muna
Trog
Uskayaw
Vehumet
Wu Jian
Xom
Yredelemnul
Zin
The Shining One

Shops:
D:5 :   D:8 [


Innate Abilities, Weirdness & Mutations

You heal slowly.
You are immune to poison.
You have sharp fingernails.
You have razor-sharp teeth.
You have supernaturally acute eyesight. (SInv)
You can survive without breathing.
You are surrounded by a mild repulsion field. (EV +2)
You are covered in fur. (AC +1)


Message History

Tutankhamun's ghost hits you but does no damage.
You hit Tutankhamun's ghost.
You destroy Tutankhamun's ghost!
Dithmenos accepts your kill.
You puncture the wolf spider simulacrum!
Your bite misses the wolf spider simulacrum.
The wolf spider simulacrum is heavily damaged.
The wolf spider simulacrum barely misses you.
The wolf spider simulacrum closely misses you.
You puncture the wolf spider simulacrum!
The wolf spider simulacrum is almost destroyed.
The wolf spider simulacrum hits you!
* * * LOW HITPOINT WARNING * * *
The wolf spider simulacrum freezes you. You resist.
* * * LOW HITPOINT WARNING * * *
The wolf spider simulacrum misses you.
You barely miss the wolf spider simulacrum.
The wolf spider simulacrum is almost destroyed.
The wolf spider simulacrum hits you!
You die...

#.8##.##8.# #.##...##.#
#.#.8.8.#.# #.#..<..#.#
#.#.8.8.#.# #.##...##.#
#.8#####8.#
#####################...(...#####
...............Z@...####'####....
..............####### #..# #####
############..# #..# Z#
#..#########..########
############.......).............
Z#...............................
#######..##############..........
Z# #..# #..######## ## #..# #..#


You could see a wolf spider simulacrum.

Vanquished Creatures
  Psyche (D:10)
  The ghost of Tutankhamun the Covert, a journeyman GnAc of Cheibriados (D:9)
  Nergalle (D:9)
  A cyclops (D:9)
  Pikel (D:9)
  An ugly thing (D:8)
  A komodo dragon (D:9)
  2 hippogriffs
  10 yaks
  Edmund (D:6)
  A water moccasin (D:9)
  An orc warrior (D:7)
  A sky beast (D:4)
  A swamp drake (D:8)
  A necrophage (D:9)
  A hornet zombie (D:3)
  4 ogres
  4 centaurs
  2 big kobolds
  3 bullfrogs
  A scorpion (D:5)
  3 wights (D:8)
  5 electric eels (D:8)
  3 crimson imps
  2 hounds
  A jelly (D:8)
  10 orc priests
  10 orc wizards
  Natasha (thrice) (D:4)
  An iguana (D:5)
  5 worker ants
  2 worker ant zombies
  8 adders
  A gnoll (D:6)
  An ooze (D:1)
  An adder zombie (D:8)
  An adder skeleton (D:9)
  2 worms
  2 dart slugs
  3 leopard geckos
  40 orcs
  A ball python (D:2)
  5 bats
  2 giant cockroaches
  3 goblins
  11 hobgoblins
  12 jackals
  2 quokkas
  A frilled lizard (D:2)
  A jackal zombie (D:5)
  10 kobolds
  5 rats
197 creatures vanquished.

Vanquished Creatures (others)
  3 slaves (D:9)
  2 bullfrog skeletons (D:9)
  An orc (D:9)
  6 plants (D:9)
12 creatures vanquished.

Grand Total: 209 creatures vanquished

Notes
Turn   | Place    | Note
-------+----------+-------------------------------------------
     0 | D:1      | Freyura the Vampire Gladiator began the quest for the Orb.
     0 | D:1      | Reached XP level 1. HP: 16/16 MP: 1/1
   163 | D:1      | Reached skill level 1 in Stealth
   185 | D:1      | Reached XP level 2. HP: 22/22 MP: 2/2
   252 | D:1      | Reached skill level 2 in Stealth
  2095 | D:2      | Reached XP level 3. HP: 27/27 MP: 3/3
  2133 | D:2      | Reached skill level 3 in Stealth
  2785 | D:3      | Reached XP level 4. HP: 33/33 MP: 4/4
  2899 | D:3      | Reached skill level 4 in Stealth
  3071 | D:3      | Reached skill level 5 in Stealth
  3071 | D:3      | Reached XP level 5. HP: 28/39 MP: 5/5
  3198 | D:3      | Found a hazy altar of Hepliaklqana.
  3671 | D:4      | Found a corrupted altar of Lugonu.
  3873 | D:4      | Reached XP level 6. HP: 17/47 MP: 6/6
  3878 | D:4      | Reached skill level 6 in Stealth
  4023 | D:4      | Reached skill level 5 in Short Blades
  4359 | D:4      | Found a staircase to the Ecumenical Temple.
  4368 | Temple   | Entered the Ecumenical Temple
  4499 | Temple   | Became a worshipper of Dithmenos the Shadowed
  4584 | D:4      | Reached skill level 7 in Stealth
  4584 | D:4      | Reached XP level 7. HP: 52/52 MP: 7/7
  4672 | D:4      | Reached skill level 5 in Dodging
  4677 | D:4      | Reached skill level 1 in Invocations
  4786 | D:4      | Reached skill level 8 in Stealth
  4975 | D:4      | Noticed Natasha
  4985 | D:4      | Killed Natasha
  5129 | D:4      | Noticed Natasha
  5137 | D:4      | Killed Natasha
  5156 | D:4      | Noticed Natasha
  5158 | D:4      | Killed Natasha
  5366 | D:5      | Entered Level 5 of the Dungeon
  5397 | D:5      | Found Ylaeg's Book Boutique.
  5586 | D:5      | Reached * piety under Dithmenos
  5662 | D:5      | Reached XP level 8. HP: 60/60 MP: 9/9
  5783 | D:5      | Reached skill level 9 in Stealth
  6175 | D:6      | Noticed Edmund
  6182 | D:6      | Killed Edmund
  6522 | D:6      | Reached skill level 10 in Stealth
  6702 | D:6      | Got a bronze ring mail
  7647 | D:8      | Noticed a hippogriff
  7654 | D:8      | Killed a hippogriff
  7654 | D:8      | Reached XP level 9. HP: 67/67 MP: 11/11
  7657 | D:8      | Reached skill level 11 in Stealth
  7864 | D:8      | Reached ** piety under Dithmenos
  7925 | D:8      | Reached skill level 5 in Fighting
  7934 | D:8      | Gained mutation: You are covered in fur. (AC +1) [potion of
                  | mutation]
  7934 | D:8      | Gained mutation: You are surrounded by a mild repulsion
                  | field. (EV +2) [potion of mutation]
  7971 | D:8      | Reached skill level 12 in Stealth
  8375 | D:8      | Found a staircase to the Orcish Mines.
  8783 | D:8      | Found Qumy's Antique Armour Emporium.
  8789 | D:8      | Bought an embroidered cloak for 225 gold pieces
  8894 | D:8      | Noticed a purple ugly thing
  8911 | D:8      | HP: 3/69 [purple ugly thing (9)]
  8912 | D:8      | HP: 1/69 [centaur (2)]
  8915 | D:8      | Killed a purple ugly thing
  8915 | D:8      | Reached XP level 10. HP: 24/76 MP: 13/13
  9277 | D:9      | Noticed a cyclops
  9281 | D:9      | Killed a cyclops
  9281 | D:9      | Reached skill level 13 in Stealth
  9298 | D:9      | Reached *** piety under Dithmenos
  9431 | D:9      | Noticed Pikel
  9455 | D:9      | Killed Pikel
  9455 | D:9      | Reached skill level 5 in Invocations
  9528 | D:9      | Noticed Nergalle
  9538 | D:10     | Entered Level 10 of the Dungeon
  9538 | D:10     | Noticed Psyche
  9540 | D:10     | Killed Psyche
  9542 | D:10     | Reached skill level 14 in Stealth
 10016 | D:9      | Found a staircase to the Lair.
 10198 | D:9      | Killed Nergalle
 10198 | D:9      | Reached XP level 11. HP: 71/83 MP: 15/15
 10300 | D:9      | Found a runed translucent gate.
 10301 | D:9      | Found a runed translucent gate.
 10302 | D:9      | Found a runed translucent gate.
 10304 | D:9      | Noticed Tutankhamun's ghost (journeyman GnAc)
 10671 | D:9      | Killed Tutankhamun's ghost
 10674 | D:9      | Slain by a wolf spider simulacrum

Skill      XL: |  1  2  3  4  5  6  7  8  9 10 |
---------------+-------------------------------+-----
Stealth        | 1 2 3 5 7 8 10 12 14 | 14.9
Fighting       | 2 3 4 5 6 |  6.8
Short Blades   | 4 5 6 8 9 |  9.4
Dodging        | 4 5 6 7 8 |  8.5
Invocations    | 1 3 4 5 |  5.7
Throwing       | |  1.5

Action                   |  1- 3 |  4- 6 |  7- 9 | 10-12 || total
-------------------------+-------+-------+-------+-------++-------
Melee: Rapier            |    96 |    94 |   337 |   214 ||   741
       Bite              |    10 |     6 |    34 |    22 ||    72
  Use: Scroll            |     3 |     4 |    13 |     2 ||    22
       Potion            |       |     2 |     6 |     4 ||    12
 Stab: Sleeping          |    13 |     7 |    33 |     6 ||    59
       Distracted        |       |       |     2 |       ||     2
       Confused          |       |       |     1 |       ||     1
Armor: Leather armour    |    18 |    13 |       |       ||    31
       Robe              |       |     2 |    31 |    31 ||    64
Dodge: Dodged            |    58 |    70 |   235 |   198 ||   561
